 Dungeon Crawl Stone Soup version 0.31-a0-217-g58bb5d79cf (webtiles) character file.

Game seed: 7214983498015143627

17 qw the Shooter (level 2, -3/16 HPs)
             Began as a Gargoyle Hexslinger on July 2, 2023.
             Slain by Terence
             ... wielding a +0 flail
              (11 damage)
             ... on level 2 of the Dungeon.
             The game lasted 00:00:17 (849 turns).

qw the Shooter (Gargoyle Hexslinger)                 Turns: 849, Time: 00:00:17

Health: -3/16      AC:  8    Str: 11    XL:     2   Next: 62%
Magic:  3/3        EV: 10    Int: 13    God:
Gold:   88         SH:  0    Dex: 12    Spells: 2/3 levels left

rFire   . . .        Y - +1 sling
rCold   . . .        (no shield)
rNeg    + . .        g - +0 ring mail
rPois   inf          i - +0 helmet
rElec   +            h - scarf {repulsion}
rCorr   .            (no gloves)
SInv    .            (no boots)
Will    .....        (no amulet)
Stlth   +            (no ring)
HPRegen 0.22/turn    (no ring)
MPRegen 0.08/turn

%: repel missiles
@: no status effects
A: sickness immunity, AC +2, negative energy resistance 1, electricity
resistance, torment resistance 1, petrification resistance
a: no special abilities


You were on level 2 of the Dungeon.
You visited 1 branch of the dungeon, and saw 2 of its levels.

You collected 88 gold pieces.


Innate Abilities, Weirdness & Mutations

You are immune to sickness and miasma.
Your stone body is resilient. (AC +2)
You are immune to poison.
You resist negative energy. (rN+)
You are resistant to electric shocks. (rElec)
You are resistant to unholy torment.
You are immune to petrification.


   Skills:
 + Level 1.4 Fighting
 - Level 3.0 Ranged Weapons
 - Level 1.5 Dodging
 - Level 1.0 Spellcasting
 - Level 2.6 Hexes


You had 2 spell levels left.
You knew the following spells:

 Your Spells              Type           Power      Damage    Failure   Level
a - Slow                  Hex            28%        N/A       22%         1

Your spell library contained the following spells:

 Spells                   Type           Power      Damage    Failure   Level
 Inner Flame              Hex/Fire       4%         N/A       75%         3
 Portal Projectile        Hex/Tloc       8%         N/A       75%         3
 Cause Fear               Hex            3%         N/A       92%         4

Inventory:

Hand Weapons
 Y - a +1 sling (weapon)
Armour
 g - a +0 ring mail (worn)
 h - a scarf of repulsion (worn)
 i - a +0 helmet (worn)

Dungeon Overview and Level Annotations

Branches:
Dungeon (2/15)

Altars:

Annotations:
D:2 Terence


Message History

The hobgoblin hits you but does no damage.
You shoot a sling bullet. The sling bullet hits the hobgoblin.
You kill the hobgoblin!
You see here a hobgoblin corpse.
Found a stone staircase leading up.
Found a stone staircase leading down.
Found a scale mail.
A frilled lizard comes into view.
The frilled lizard hisses angrily.
Terence the Incautious comes into view.
He is wielding a +0 flail and wearing a +2 chain mail of poison resistance.
The frilled lizard moves out of view.
You shoot a sling bullet.
The sling bullet completely misses Terence.
Terence shouts!
You shoot a sling bullet. The sling bullet hits Terence.
Terence is lightly wounded.
You shoot a sling bullet.
The sling bullet hits Terence but does no damage.
Terence is lightly wounded.
You shoot a sling bullet.
The sling bullet hits Terence but does no damage.
Terence is lightly wounded.
Terence barely misses you.
You shoot a sling bullet. The sling bullet hits Terence!
Terence is heavily wounded.
Terence hits you with a +0 flail!
Ouch! That really hurt!
The frilled lizard completely misses you.
Terence closely misses you.
You shoot a sling bullet.
The sling bullet hits Terence but does no damage.
Terence is heavily wounded.
The frilled lizard barely misses you. Terence barely misses you.
You shoot a sling bullet.
The sling bullet hits Terence but does no damage.
Terence is heavily wounded.
The frilled lizard bites you but does no damage.
Terence hits you with a +0 flail!
Ouch! That really hurt!
You die...

..# #<##.# ..
.####.... #.##.# ..#
#. ..... #..... ....
.. .... ####.# #...#.
#.. #.# .#...#. #.#
#.# .......##.# #.#
..........########
#.# #..@@..#......#
#.#
#..l##.#.####.#####.#
#.#[.......>........#
..
####.#.####.#######
..# #.#.####.# #
..#......#
###########


You could see Terence and a frilled lizard.

Vanquished Creatures
  3 endoplasms (D:1)
  3 hobgoblins
  A quokka (D:1)
  4 ball pythons (D:1)
  A bat (D:1)
  3 goblins
15 creatures vanquished.

Notes
Turn   | Place    | Note
-------+----------+-------------------------------------------
     0 | D:1      | qw the Gargoyle Hexslinger began the quest for the Orb.
     0 | D:1      | Reached XP level 1. HP: 12/12 MP: 2/2
     0 | D:1      | 0 ||| qw: Version: 0.3-a-40-ge99b1a8
     0 | D:1      | 0 ||| qw: Game counter: 7959
     0 | D:1      | 0 ||| qw: Melee chars always use a shield: true
     0 | D:1      | 0 ||| qw: God list: Okawaru
     0 | D:1      | 0 ||| qw: Allow faded altars: false
     0 | D:1      | 0 ||| qw: Do Orc after clearing Dungeon:15 true
     0 | D:1      | 0 ||| qw: Do second Lair branch before Depths: true
     0 | D:1      | 0 ||| qw: Lair rune preference: random
     0 | D:1      | 0 ||| qw: Goals: Normal
     0 | D:1      | 0 ||| PLANNING D:1-11
     3 | D:1      | Noticed an electric eel
     4 | D:1      | Noticed an electric eel
   338 | D:1      | Reached XP level 2. HP: 16/16 MP: 3/3
   345 | D:1      | Found a faded altar of an unknown god.
   570 | D:1      | Reached skill level 3 in Ranged Weapons
   690 | D:1      | 690 ||| UPGRADING to +0 leather armour.
   700 | D:1      | 700 ||| DROPPING +0 robe.
   701 | D:1      | 701 ||| UPGRADING to +0 ring mail.
   711 | D:1      | 711 ||| DROPPING +0 leather armour.
   712 | D:1      | 712 ||| UPGRADING to scarf of repulsion.
   717 | D:1      | 717 ||| UPGRADING to +0 helmet.
   722 | D:1      | 722 ||| READING scroll labelled GIFYRAB WEKE.
   723 | D:1      | 723 ||| READING scroll labelled XEB FIOROELE.
   724 | D:1      | 724 ||| READING scroll labelled PYNOKHL HAABLY.
   725 | D:1      | 725 ||| DROPPING scroll of poison.
   842 | D:2      | Noticed Terence
   849 | D:2      | Slain by Terence

Levels and vault maps discovered:
D:1:      arrival_aquarium_b, layout_loops_ring,
          chequers_ecumenical_altar_twisty
D:2:      layout_loops_cross, serial_shops, shop, basic_altar, uniq_terence

Skill      XL: |  1  2 |
---------------+-------+-----
Ranged Weapons | 3 |  3.0
Fighting       | |  1.4
Dodging        | |  1.5
Spellcasting   | |  1.0
Hexes          | |  2.6

Action                     || total
---------------------------++-------
   Fire: Sling             ||    60
    Use: Scroll            ||     3
 Armour: Robe              ||     4
         Ring mail         ||     3
  Dodge: Dodged            ||    18

Table legend:
 A = Non-vault XP
 B = Vault XP
 C = Vault XP percentage of total XP
 D = Non-vault monster count
 E = Vault monster count
 F = Vault count percentage of total count
                 A         B        C        D         E       F
            +---------+---------+-------+---------+---------+-------
      Total |      25 |       0 |   0.0 |      15 |       0 |   0.0
            +---------+---------+-------+---------+---------+-------
        D:1 |      21 |       0 |   0.0 |      13 |       0 |   0.0
        D:2 |       4 |       0 |   0.0 |       2 |       0 |   0.0
            +---------+---------+-------+---------+---------+-------
